 Dungeon Crawl Stone Soup version 0.29-a0-1006-g0dd7720b37 (webtiles) character file.

Game seed: 1267615718939820839

546512 quinnr the Cloud Mage (level 26, -15/160 HPs)
             Began as a Tengu Air Elementalist on Aug 6, 2022.
             Was the Champion of Vehumet.
             Demolished by an acid blob (34 damage)
             ... while paralysed by a floating eye
             ... on level 2 of the Pits of Slime.
             The game lasted 04:29:25 (95307 turns).

quinnr the Cloud Mage (Tengu Air Elementalist)     Turns: 95307, Time: 04:29:25

Health: -15/160    AC: 15    Str: 15    XL:     26   Next: 16%
Magic:  41/41      EV:  2    Int: 30    God:    Vehumet [******]
Gold:   5811       SH:  0    Dex: 13    Spells: 2/51 levels left

rFire   + . .      SeeInvis .   (weapon currently unavailable)
rCold   . . .      Faith    .   (shield currently unavailable)
rNeg    + . .      Spirit   .   (body armour currently unavailable)
rPois   ∞          Reflect  .   (helmet currently unavailable)
rElec   +          Harm     .   (cloak currently unavailable)
rCorr   +          Rampage  .   (gloves currently unavailable)
Will    +....                   (boots unavailable)
Stlth   +++++++...              O - amulet of the acrobat
HPRegen 0.36/turn               u - ring "Naizyif" {rF+ rCorr Int+3 Stlth+}
MPRegen 0.27/turn               e - ring "Veuhaf" {rN+ rCorr Str+6 Dex-2 Stlth+}

@: paralysed, storm-form, corroded, flying quickly and evasively, studying 2
skills, quick
A: cleaving, insubstantial, flying, (beak), (talons 3), nimble flight
}: 3/15 runes: serpentine, barnacled, silver
a: Blinkbolt, End Transformation, Renounce Religion


You were on level 2 of the Pits of Slime.
You worshipped Vehumet.
Vehumet was exalted by your worship.
You were a lightning-filled tempest!
You visited 10 branches of the dungeon, and saw 45 of its levels.
You visited the Abyss 1 time.
You also visited: Trove, Sewer, Gauntlet, Ice Cave and Wizlab.

You collected 6782 gold pieces.
You spent 971 gold pieces at shops.

Inventory:

Armour
 m - a +2 pair of gloves of stealth (melded)
 n - the +3 robe of Clouds {*Thunder rCloud rElec}
   (You took it off a Cloud Mage in a wizard's laboratory)

   It occasionally creates storm clouds above nearby enemies.
   It grants its wearer immunity to clouds.
   rElec:     It insulates you from electricity.
 v - a +2 robe of the Archmagi (melded)
 K - a +1 cloak (melded)
 V - a +3 buckler of protection (melded)
 Y - a +2 hat of intelligence (melded)
Magical Staves
 p - a staff of cold
 q - a staff of air (melded)
 I - a staff of conjuration
 P - a staff of poison
Jewellery
 c - the ring of the Camelopard {rF+ MP+9 Dex+5}
   (You acquired it on level 5 of the Lair of Beasts)

   [ring of protection from fire]

   Dex:       It affects your dexterity (+5).
   rF:        It protects you from fire.
   MP:        It affects your magic capacity (+9).
 e - the ring "Veuhaf" (right fist) {rN+ rCorr Str+6 Dex-2 Stlth+}
   (You acquired it on level 4 of the Lair of Beasts)

   [ring of strength]

   Str:       It affects your strength (+6).
   Dex:       It affects your dexterity (-2).
   rN:        It protects you from negative energy.
   rCorr:     It protects you from acid and corrosion.
   Stlth:     It makes you more stealthy.
 o - the ring of Cowofa Isiku {*Slow Fly rPois SInv}
   (You found it in a wizard's laboratory)

   [ring of flight]

   rPois:     It protects you from poison.
   SInv:      It lets you see invisible.
   Fly:       It grants you flight.
   *Slow:     It may slow you when you take damage.
 s - a ring of see invisible
 u - the ring "Naizyif" (left fist) {rF+ rCorr Int+3 Stlth+}
   (You found it on level 3 of the Vaults)

   [ring of protection from fire]

   Int:       It affects your intelligence (+3).
   rF:        It protects you from fire.
   rCorr:     It protects you from acid and corrosion.
   Stlth:     It makes you more stealthy.
 O - an amulet of the acrobat (around neck)
 Q - the ring "Cepaschun" {Fire MP+9}
   (You took it off a yaktaur captain on level 5 of the Vaults)

   [ring of fire]

   It enhances your fire magic.
   rF:        It protects you from fire.
   rC:        It makes you vulnerable to cold.
   MP:        It affects your magic capacity (+9).
 W - the ring "Kepe" {rPois rF+}
   (You found it on level 15 of the Dungeon)

   [ring of protection from fire]

   rF:        It protects you from fire.
   rPois:     It protects you from poison.
Wands
 l - a wand of mindburst (14)
 r - a wand of polymorph (23)
 x - a wand of digging (9)
 J - a wand of roots (46)
 L - a wand of flame (37)
 N - a wand of paralysis (37)
 U - a wand of quicksilver (28)
Scrolls
 d - 10 scrolls of fog
 f - 4 scrolls of magic mapping
 g - 17 scrolls of poison
 h - 5 scrolls of summoning
 k - 6 scrolls of enchant weapon
 w - 6 scrolls of fear
 y - 2 scrolls of amnesia
 z - 9 scrolls of immolation
 D - 6 scrolls of silence
 E - 21 scrolls of teleportation
 H - 2 scrolls of enchant armour
 M - 2 scrolls of brand weapon
 X - 5 scrolls of blinking
Potions
 a - 7 potions of cancellation
 b - 13 potions of magic
 i - 9 potions of resistance
 j - 7 potions of heal wounds
 t - 9 potions of might
 A - 10 potions of lignification
 B - 13 potions of haste
 C - 4 potions of invisibility
 F - 4 potions of mutation
 G - 18 potions of curing
 R - 6 potions of brilliance
 T - 7 potions of ambrosia
 Z - a potion of berserk rage
Miscellaneous
 S - a condenser vane


   Skills:
 - Level 15.0 Fighting
 + Level 24.1 Dodging
 + Level 11.6 Stealth
 - Level 4.0 Shields
 - Level 13.0 Spellcasting
 + Level 19.4 Conjurations
 - Level 6.0 Summonings
 - Level 14.2 Transmutations
 + Level 12.3 Ice Magic
 + Level 26.2 Air Magic
 - Level 9.7 Poison Magic
 - Level 5.0 Evocations


You had 2 spell levels left.
You knew the following spells:

 Your Spells              Type           Power      Damage    Failure   Level
a - Shock                 Conj/Air       100%       1d9       0%          1
b - Static Discharge      Conj/Air       100%       3-16/arc  0%          2
c - Airstrike             Air            54%        2d(8-24)  0%          4
d - Freezing Cloud        Conj/Ice/Air   47%        6-21      1%          5
e - Storm Form            Tmut/Air       48%        N/A       1%          7
f - Spider Form           Tmut/Pois      75%        N/A       1%          3
g - Mephitic Cloud        Conj/Pois/Air  92%        N/A       0%          3
h - Conjure Ball Lightni  Conj/Air       51%        3x3d18    1%          6
i - Chain Lightning       Conj/Air       51%        3d68      6%          9
j - Summon Lightning Spi  Summ/Air       86%        N/A       1%          4
k - Alistair's Intoxicat  Tmut/Pois      50%        N/A       1%          5

Your spell library contained the following spells:

 Spells                   Type           Power      Damage    Failure   Level
 Fire Storm               Conj/Fire      33%        8d9       100%        9
 Magic Dart               Conj           100%       1d8       0%          1
 Poisonous Vapours        Pois/Air       100%       N/A       0%          2
 Wereblood                Tmut           81%        N/A       0%          2
 Foxfire                  Conj/Fire      100%       2x1d9     1%          1
 Sandblast                Erth           38%        2d10      1%          1
 Summon Small Mammal      Summ           100%       N/A       1%          1
 Call Imp                 Summ           53%        N/A       1%          2
 Ensorcelled Hibernation  Hex/Ice        100%       N/A       1%          2
 Passwall                 Tmut/Erth      48%        N/A       1%          2
 Apportation              Tloc           38%        N/A       2%          1
 Necrotise                Necr           76%        1d7       2%          1
 Slow                     Hex            76%        N/A       2%          1
 Blink                    Tloc           38%        N/A       3%          2
 Sublimation of Blood     Necr           19%        N/A       3%          2
 Swiftness                Air            100%       N/A       0%          3
 Lightning Bolt           Conj/Air       51%        1d72      0%          5
 Call Canine Familiar     Summ           53%        N/A       1%          3
 Conjure Flame            Conj/Fire      67%        6-21      1%          3
 Frozen Ramparts          Ice            100%       1d16      1%          3
 Ignite Poison            Fire/Tmut/Pois 61%        N/A       1%          3
 Stone Arrow              Conj/Erth      100%       3d13      1%          3
 Corpse Rot               Necr/Pois/Air  74%        N/A       1%          4
 Flame Wave               Conj/Fire      67%        2d15      1%          4
 Hailstorm                Conj/Ice       86%        3d17      1%          4
 Ice Form                 Ice/Tmut       78%        N/A       1%          4
 Olgreb's Toxic Radiance  Pois           67%        N/A       1%          4
 Petrify                  Tmut/Erth      58%        N/A       1%          4
 Sticky Flame             Conj/Fire      67%        2d8       1%          4
 Summon Ice Beast         Ice/Summ       65%        N/A       1%          4
 Blade Hands              Tmut           40%        N/A       1%          5
 Fireball                 Conj/Fire      33%        3d14      1%          5
 Irradiate                Conj/Tmut      44%        3d26      1%          5
 Iskenderun's Battlesphe  Conj           94%        2d14      1%          5
 Silence                  Hex/Air        39%        N/A       1%          5
 Eringya's Noxious Bog    Tmut/Pois      37%        N/A       1%          6
 Orb of Destruction       Conj           47%        9d12      1%          7
 Maxwell's Capacitive Co  Air            54%        ∞         1%          8
 Inner Flame              Hex/Fire       19%        N/A       2%          3
 Summon Guardian Golem    Hex/Summ       37%        N/A       2%          3
 Iron Shot                Conj/Erth      33%        9d7       2%          6
 Spellforged Servitor     Conj/Summ      38%        N/A       3%          7
 Metabolic Englaciation   Hex/Ice        27%        N/A       5%          5
 Dragon Form              Tmut           40%        N/A       6%          7
 Confusing Touch          Hex            19%        N/A       8%          3
 Gell's Gravitas          Tloc           19%        N/A       8%          3
 Lesser Beckoning         Tloc           19%        N/A       8%          3
 Portal Projectile        Hex/Tloc       38%        N/A       8%          3
 Teleport Other           Tloc           19%        N/A       8%          3
 Tukima's Dance           Hex            19%        N/A       8%          3
 Vampiric Draining        Necr           19%        2d7       8%          3
 Animate Armour           Summ/Erth      74%        N/A       8%          4
 Lee's Rapid Deconstruct  Erth           9%         3d8*      17%         5
 Summon Forest            Summ/Tloc      18%        N/A       21%         5
 Statue Form              Tmut/Erth      38%        N/A       22%         6
 Anguish                  Hex/Necr       9%         N/A       26%         4
 Animate Dead             Necr           19%        N/A       26%         4
 Cause Fear               Hex            9%         N/A       26%         4
 Dispel Undead            Necr           19%        3d11      26%         4
 Leda's Liquefaction      Hex/Erth       9%         N/A       26%         4
 Passage of Golubria      Tloc           19%        N/A       26%         4
 Simulacrum               Ice/Necr       27%        N/A       30%         6
 Agony                    Necr           19%        N/A       56%         5
 Borgnjor's Vile Clutch   Necr/Erth      9%         N/A       56%         5
 Manifold Assault         Tloc           19%        N/A       56%         5
 Lehudib's Crystal Spear  Conj/Erth      33%        10d9      58%         8
 Summon Hydra             Summ           26%        N/A       88%         7
 Polar Vortex             Ice            38%        N/A       97%         9
 Death Channel            Necr           9%         N/A       98%         6
 Dispersal                Tloc           9%         N/A       98%         6
 Discord                  Hex            9%         N/A       100%        8
 Disjunction              Tloc           9%         N/A       100%        8
 Ignition                 Fire           9%         3d5       100%        8
 Necromutation            Tmut/Necr      29%        N/A       100%        8
 Dragon's Call            Summ           26%        N/A       100%        9
 Shatter                  Erth           9%         3d11*     100%        9


Dungeon Overview and Level Annotations

Branches:
Dungeon (15/15)            Temple (1/1) D:6            Lair (5/5) D:9
 Shoals (4/4) Lair:3        Snake (4/4) Lair:2        Slime (2/5) Lair:5
    Orc (2/2) D:9             Elf (3/3) Orc:2        Vaults (5/5) D:13
  Crypt (0/3) Vaults:3     Depths (4/4) D:15            Zot (0/5) Depths:4
  Sewer (visited)           IceCv (visited)          WizLab (visited)
Gauntlet (visited)

Altars:
Ashenzari
Cheibriados
Dithmenos
Elyvilon
Fedhas
Gozag
Hepliaklqana
Kikubaaqudgha
Makhleb
Nemelex Xobeh
Okawaru
Qazlal
Ru
Sif Muna
Trog
Uskayaw
Vehumet
Wu Jian
Xom
Yredelemnul
Zin
The Shining One
Jiyva

Shops:
D:4 (   D:6 ?   D:7 [   Orc:2 *[(:   Elf:1 (   Shoals:3 *   Snake:4 *
Vaults:2 [   Vaults:3 *   Depths:4 :=:

Portals:
Hell: Depths:1 Depths:2 Depths:3 Depths:4
Abyss: Depths:3*
Pandemonium: Depths:2 Depths:4
Ziggurat: Depths:3

Annotations:
Lair:3 2 transporters, hermitkingdom's ghost, journeyman SpEn
Depths:2 exclusion: downstairs


Innate Abilities, Weirdness & Mutations

You are a lightning-filled tempest!
Your electrical attacks strike out in all directions at once.
You are incredibly evasive.
Your insubstantial body is immune to petrification, constriction, and being set on fire You are flying.
You are immune to poison.
Your armour is entirely melded.
You are incapable of wielding weapons or throwing items.
((You have a beak for a mouth.))
((You have claws for feet.))
Your magical nature lets you fly swiftly and evasively.


Message History

The azure jelly hits you but does no damage.
The acid blob spits acid at you. The splash of acid misses you.
You blast the azure jelly!!!
You kill the azure jelly!
Vehumet accepts your kill.
You batter the acid blob!!
Lightning courses through the acid blob!
Your fists burn!
You batter the slime creature!!
Lightning courses through the slime creature!!
The floating eye seems to glare at you.
A slime creature comes into view.
The acid blob misses you.
You blast the quicksilver ooze!!!
You kill the quicksilver ooze!
Vehumet accepts your kill.
You feel your power returning.
You batter the acid blob!!
Your fists burn!
You hit the acid blob.
Lightning courses through the acid blob!!
The acid corrodes you!
Your fists burn!
The acid blob hits you!
You are splashed with acid.
You resist.
The floating eye gazes piercingly through you!
You suddenly lose the ability to move!
The acid blob hits you!!
You are splashed with acid.
You resist.
The acid blob hits you but does no damage.
The acid blob hits you!
You are splashed with acid.
You resist. The slime creature hits you! The acid blob hits you.
You are splashed with acid.
You resist.
* * * LOW HITPOINT WARNING * * *
The acid blob spits acid at you. The splash of acid hits you! You resist.
* * * LOW HITPOINT WARNING * * *
The acid corrodes you! The acid blob spits acid at you.
The splash of acid hits you! You resist.
* * * LOW HITPOINT WARNING * * *
The slime creature hits you!
* * * LOW HITPOINT WARNING * * *
The acid blob hits you!!
You die...

.........#
##........#
####.........##
.......<......#
.............##
..........<...#
.............##
#Jv......#
......JJJ.....#
......JG..#...#
#.............#
...J.....#... #
......>......#
.......... ...#
.............##


You could see 4 acid blobs, 2 slime creatures and a floating eye.

Vanquished Creatures
  Dissolution (Slime:1)
  2 juggernauts
  Frederick (Vaults:2)
  The ghost of Bigikkih the Severer, a veteran MiGl of the Shining One (Vaults:4)
  A caustic shrike (shapeshifter) (Depths:2)
  3 golden dragons
  A profane servitor (Abyss:3)
  2 bone dragons (Depths:4)
  A shard shrike zombie (Abyss:2)
  Jorgrun (Snake:3)
  2 liches (Vaults:5)
  Rupert (D:14)
  A walking crystal tome (Depths:3)
  5 tentacled monstrosities
  8 titans (Vaults:5)
  Asterion (Elf:2)
  2 deep elf blademasters (Elf:3)
  2 deep elf master archers (Elf:3)
  The ghost of freelancePsychic the Crack Shot, an adept DrHu of Ru (Shoals:2)
  2 krakens (Shoals:1)
  2 quicksilver dragons (Vaults:5)
  An acid blob (Slime:1)
  Gastronok (Lair:2)
  7 sphinxes
  Donald (Elf:1)
  7 tengu reavers
  3 storm dragons
  Roxanne (Shoals:2)
  A tentacled starspawn (Abyss:2)
  2 azure jellies
  Ilsuiw (Shoals:4)
  18 nagarajas
  3 iron dragons
  4 shadow dragons (Vaults:5)
  9 frost giants
  3 orc warlords
  4 fire giants
  21 vault wardens
  A balrug (D:15)
  Aizul (Vaults:2)
  5 draconian stormcallers (Depths:4)
  7 deep elf sorcerers
  2 war gargoyles (Vaults:3)
  The ghost of kd29 the Martial Artist, a journeyman OpTm of Ashenzari (D:15)
  8 very ugly things
  A spriggan defender (Depths:3)
  7 deep elf elementalists (Elf:3)
  A draconian shifter (Abyss:2)
  2 vampire knights (Depths:3)
  5 quicksilver oozes
  21 stone giants
  A broodmother (shapeshifter) (Depths:3)
  3 ironbound thunderhulks
  5 starcursed masses (Abyss:2)
  26 ironbound preservers
  A deep elf demonologist (Elf:3)
  A black draconian (Depths:4)
  An entropy weaver (Vaults:4)
  A red draconian (Depths:4)
  7 deep elf annihilators
  2 white draconians (Depths:4)
  A minotaur (Gauntlet)
  4 dire elephants
  A crystal guardian (D:13)
  8 deep elf death magi
  3 blizzard demons
  6 spark wasps
  7 ettins
  7 fire dragons
  Snorg (Lair:5)
  Josephine (Lair:4)
  3 merfolk javelineers (Shoals:4)
  8 merfolk impalers
  7 great orbs of eyes
  7 deep elf high priests
  18 yaktaur captains
  2 rakshasas
  4 salamander tyrants
  Fannar (D:10)
  3 ogre magi
  A hydra (shapeshifter) (Vaults:5)
  34 vault guards
  11 hydras
  2 peacekeepers (Vaults:3)
  9 spriggan air magi
  2 boulder beetles
  8 ice dragons
  5 alligator snapping turtles (Shoals:4)
  A juggernaut simulacrum (Depths:2)
  4 merfolk avatars
  4 ironbound frosthearts
  3 satyrs
  A death knight (Vaults:3)
  2 catoblepae
  5 merfolk aquamancers
  7 anacondas
  14 centaur warriors
  35 dancing weapons
  14 naga warriors
  2 alligators (Shoals:4)
  A spectral frost giant (D:15)
  17 death yaks
  8 two-headed ogres
  A titan zombie (D:15)
  11 deep troll earth magi
  A spectral fire giant (D:15)
  A thrashing horror (Abyss:2)
  12 naga sharpshooters
  9 tengu warriors
  4 orc high priests (Orc:2)
  A hell hog (Abyss:3)
  2 vampire magi (Vaults:3)
  3 spriggan berserkers
  7 deep troll shamans
  11 shock serpents
  2 sun demons
  A wretched star (Abyss:2)
  11 deep elf knights
  7 hell knights
  Amaemon (D:11)
  5 salamander mystics
  7 iron trolls
  4 skeletal warriors
  2 death drakes (WizLab)
  7 glowing orange brains
  A swamp dragon (Lair:5)
  An orb spider (Abyss:2)
  A golden dragon zombie (Depths:2)
  3 goliath frogs (Shoals:4)
  60 deep trolls
  10 sea snakes
  An obsidian statue (Shoals:2)
  A kraken simulacrum (Shoals:4)
  6 naga ritualists
  21 ironbound convokers
  9 wizards
  15 lindwurms
  5 necromancers
  2 phantasmal warriors (Vaults:5)
  8 orc knights
  7 deep elf archers
  27 deep elf pyromancers
  A mana viper (shapeshifter) (Vaults:5)
  16 deep elf zephyrmancers
  26 harpies
  2 wolf spiders (Lair:5)
  The ghost of Valamore the Frost Mage, a novice BaIE of Vehumet (D:5)
  3 orc sorcerers
  9 manticores
  14 fauns
  19 ugly things
  4 mana vipers
  6 cyclopes
  20 salamanders
  A stone giant zombie (D:15)
  A worldbinder (Gauntlet)
  A frost giant skeleton (Depths:2)
  4 guardian serpents
  An ice statue (IceCv)
  16 merfolk sirens
  11 elephants
  Joseph (Lair:1)
  A moth of wrath (shapeshifter) (Vaults:2)
  3 apocalypse crabs (WizLab)
  27 black mambas
  An iron dragon skeleton (Depths:2)
  15 vault sentinels
  3 smoke demons
  4 water nymphs
  An orange demon (D:11)
  17 naga magi
  5 gargoyles
  Psyche (D:8)
  12 cane toads
  2 unseen horrors (D:12)
  31 yaktaurs
  12 rime drakes
  2 demonic crawlers (Lair:4)
  4 ice devils
  An efreet (D:15)
  15 komodo dragons
  A komodo dragon (shapeshifter) (D:15)
  2 freezing wraiths
  4 tengu conjurers
  A golden dragon simulacrum (D:15)
  2 ancient zymes (Abyss:2)
  A queen bee (Gauntlet)
  5 trolls
  10 wind drakes
  A meliai (shapeshifter) (Vaults:5)
  16 polar bears
  A sphinx simulacrum (Depths:2)
  A wolf spider simulacrum (D:13)
  6 blink frogs
  20 merfolk
  8 snapping turtles
  3 raiju (Abyss:2)
  2 hornets
  11 air elementals
  25 dream sheep
  36 slime creatures
  2 spriggans
  A ynoxinul (Depths:2)
  A jumping spider (shapeshifter) (D:13)
  5 shadows
  5 wyverns
  3 wraiths (Lair:4)
  A centaur simulacrum (D:11)
  A fire bat (shapeshifter) (Vaults:5)
  14 water elementals
  78 yaks
  3 basilisks
  4 fire elementals
  A steam dragon (Lair:5)
  2 chaos spawn (D:11)
  2 redbacks (Vaults:4)
  Menkaure (D:4)
  4 swamp worms (Lair:4)
  4 vampire mosquitoes (D:11)
  A neqoxec (Abyss:2)
  2 wargs (Orc:2)
  A swamp worm (shapeshifter) (Vaults:3)
  An acid dragon (D:11)
  23 water moccasins
  44 nagas
  2 small abominations (Abyss:2)
  An ice beast (D:7)
  2 swamp drakes (Lair:5)
  27 orc warriors
  7 black bears
  A sky beast (D:6)
  2 spriggan simulacra (D:15)
  An ogre (shapeshifter) (Depths:3)
  25 wolves
  6 ogres
  11 centaurs
  9 boggarts
  A phantom (D:6)
  5 kobold brigands
  3 earth elementals
  2 gnoll sergeants
  4 scorpions
  A necrophage (D:5)
  12 bullfrogs
  A human simulacrum (D:15)
  19 wights
  21 killer bees
  9 howler monkeys
  6 electric eels
  A crimson imp (Depths:1)
  A hound (D:7)
  9 orc priests
  8 human skeletons (Vaults:1)
  2 jellies
  3 gnoll boudas
  5 iguanas
  12 orc wizards
  A statue (D:14)
  Robin (D:2)
  19 gnolls
  17 adders
  4 river rats (Sewer)
  2 shadow imps
  16 white imps
  2 ufetubi
  A worm (D:2)
  A dart slug (D:3)
  33 orcs
  7 ball pythons
  7 endoplasms
  5 giant cockroaches
  7 hobgoblins
  5 jackals
  41 kobolds
  3 quokkas
  7 bats
  3 frilled lizards
  16 goblins
  21 rats
  7 tentacles (Shoals:1)
1927 creatures vanquished.

Vanquished Creatures (collateral kills)
  A Cloud Mage (WizLab)
  The ghost of thromnambular the Black Sun, an adept DsNe of Kikubaaqudgha (Snake:4)
  The ghost of Ywousm the Thaumaturge, an adept GnHW of Okawaru (Vaults:3)
  2 tengu reavers (Vaults:5)
  A fire giant (Depths:3)
  2 deep elf sorcerers (Elf:3)
  4 vault wardens
  An ironbound thunderhulk (Vaults:2)
  4 ironbound preservers
  2 stone giants (Depths:3)
  A deep elf annihilator (Elf:3)
  An ettin (Vaults:5)
  2 yaktaur captains
  4 vault guards (Vaults:5)
  3 ironbound frosthearts
  A deep elf knight (Elf:2)
  An iron troll (Depths:3)
  2 wizards (Vaults:1)
  6 deep trolls
  A deep elf archer (Elf:3)
  3 lindwurms
  An ironbound convoker (Vaults:2)
  2 orc knights
  2 deep elf pyromancers
  3 ugly things
  A worldbinder (Abyss:2)
  2 vault sentinels
  An orange demon (Abyss:2)
  A freezing wraith (Vaults:2)
  3 yaktaurs
  2 slime creatures
  2 large abominations (Abyss:2)
  4 starcursed masses (Abyss:2)
  A quasit (Abyss:2)
  4 human skeletons (Vaults:1)
  An ufetubus (Abyss:2)
  A ball lightning (Vaults:1)
75 creatures vanquished.

Vanquished Creatures (others)
  A deep elf knight (Elf:3)
  A wolf spider (D:13)
  189 ball lightnings
  70 fungi
  101 plants
  2 starspawn tentacles (Abyss:2)
  8 tentacles
  3 withered plants (D:15)
375 creatures vanquished.

Grand Total: 2377 creatures vanquished

Notes
Turn   | Place    | Note
-------+----------+-------------------------------------------
     0 | D:1      | quinnr the Tengu Air Elementalist began the quest for the
                  | Orb.
     0 | D:1      | Reached XP level 1. HP: 10/10 MP: 4/4
   283 | D:1      | Reached XP level 2. HP: 15/15 MP: 6/6
   468 | D:1      | You fall into a shaft and drop 1 floor!
   605 | D:2      | Reached XP level 3. HP: 19/19 MP: 7/7
   745 | D:2      | Found a faded altar of an unknown god.
  1367 | D:2      | Reached skill level 5 in Air Magic
  1553 | D:1      | Reached XP level 4. HP: 24/24 MP: 8/8
  2321 | D:3      | Reached skill level 6 in Air Magic
  2608 | D:3      | Noticed Robin
  2908 | D:2      | Killed Robin
  2909 | D:2      | Gained mutation: Your magical nature lets you fly swiftly
                  | and evasively. [Tengu growth]
  2909 | D:2      | Reached XP level 5. HP: 13/28 MP: 9/9
  3399 | D:3      | Identified the +5 whip of Resumed Hostilities {vorpal, rF+
                  | Str+4 Dex+4}
  3729 | D:3      | Reached skill level 7 in Air Magic
  3732 | D:3      | Learned a level 2 spell: Static Discharge
  3750 | D:3      | Learned a level 4 spell: Airstrike
  3975 | D:4      | Noticed Menkaure
  4110 | D:4      | Killed Menkaure
  4111 | D:4      | Reached skill level 8 in Air Magic
  4111 | D:4      | Reached XP level 6. HP: 17/32 MP: 8/10
  4405 | D:4      | Found a broken altar of Ashenzari.
  4789 | D:4      | Found Zarac's Weapon Emporium.
  4932 | D:5      | Entered Level 5 of the Dungeon
  5186 | D:5      | Reached skill level 9 in Air Magic
  5186 | D:5      | Reached XP level 7. HP: 36/36 MP: 11/11
  5352 | D:5      | Noticed Blork the orc
  5368 | D:5      | Noticed Blork
  5368 | D:5      | Blork the orc changed into Blork the killer bee
  5373 | D:5      | Killed Blork the killer bee
  5374 | D:5      | Reached skill level 10 in Air Magic
  6041 | D:5      | Reached skill level 11 in Air Magic
  6074 | D:5      | Reached XP level 8. HP: 41/41 MP: 11/12
  6194 | D:5      | Found a runed translucent door.
  6195 | D:5      | Noticed Valamore's ghost (novice BaIE)
  6262 | D:5      | Killed Valamore's ghost
  6263 | D:5      | Reached skill level 12 in Air Magic
  6421 | D:6      | Identified a scroll of acquirement
  6421 | D:6      | Acquired a staff of air
  6493 | D:6      | Reached skill level 5 in Dodging
  6551 | D:6      | Found a glowing drain.
  6654 | Sewer    | Entered a sewer
  7617 | Sewer    | Reached XP level 9. HP: 47/50 MP: 8/13
  7873 | D:6      | Found a staircase to the Ecumenical Temple.
  7903 | Temple   | Entered the Ecumenical Temple
  8014 | Temple   | Became a worshipper of Vehumet
  8153 | D:6      | Reached skill level 1 in Evocations
  8769 | D:6      | Found a snail-covered altar of Cheibriados.
  8769 | D:6      | Found a bloodstained altar of Trog.
  8856 | D:6      | Found Lait's Magic Scroll Boutique.
  8861 | D:6      | Bought a scroll of magic mapping for 82 gold pieces
  8861 | D:6      | Bought a scroll of identify for 22 gold pieces
  9483 | D:7      | Learned a level 5 spell: Freezing Cloud
  9765 | D:7      | Found Pasockei's Antique Armour Shoppe.
  9768 | D:7      | Bought a glowing robe for 107 gold pieces
  9817 | D:7      | Reached * piety under Vehumet
  9817 | D:7      | Offered knowledge of Freeze by Vehumet.
  9818 | D:7      | Reached skill level 1 in Ice Magic
 10562 | D:7      | Reached XP level 10. HP: 56/56 MP: 17/17
 11111 | D:8      | Noticed Psyche
 11114 | D:8      | Killed Psyche
 11846 | D:8      | Reached skill level 5 in Evocations
 11846 | D:8      | Reached ** piety under Vehumet
 11964 | D:8      | Offered knowledge of Magic Dart by Vehumet.
 12019 | D:9      | Reached skill level 5 in Stealth
 12446 | D:9      | Noticed a two-headed ogre
 12449 | D:9      | Noticed a centaur warrior
 12458 | D:9      | Killed a centaur warrior
 12459 | D:9      | Reached skill level 13 in Air Magic
 12459 | D:9      | Reached XP level 11. HP: 42/60 MP: 7/18
 12459 | D:9      | Killed a two-headed ogre
 12460 | D:9      | Reached skill level 14 in Air Magic
 12808 | D:9      | Reached skill level 15 in Air Magic
 12963 | D:9      | Found a staircase to the Orcish Mines.
 13043 | D:9      | Offered knowledge of Dazzling Flash by Vehumet.
 13048 | D:9      | Reached *** piety under Vehumet
 13075 | D:9      | Found a staircase to the Lair.
 13204 | D:9      | Reached skill level 16 in Air Magic
 13626 | D:10     | Entered Level 10 of the Dungeon
 14279 | D:10     | Offered knowledge of Frozen Ramparts by Vehumet.
 14613 | D:10     | Noticed Fannar
 14625 | D:10     | Killed Fannar
 15177 | D:10     | Found a stormy altar of Qazlal.
 15354 | Lair:1   | Entered Level 1 of the Lair of Beasts
 15491 | Lair:1   | Noticed a six-headed hydra
 15497 | Lair:1   | Killed a six-headed hydra
 15498 | Lair:1   | Reached skill level 5 in Fighting
 15498 | Lair:1   | Reached skill level 5 in Spellcasting
 15498 | Lair:1   | Reached XP level 12. HP: 68/68 MP: 19/20
 15514 | D:9      | Learned a level 7 spell: Storm Form
 15840 | Lair:1   | Reached skill level 10 in Dodging
 16086 | Lair:1   | Noticed Joseph
 16094 | Lair:1   | Killed Joseph
 16670 | Lair:2   | Found a gate leading to a gauntlet.
 16679 | Gauntlet | Entered a Gauntlet
 16679 | Gauntlet | Found a transporter.
 16679 | Gauntlet | Found a transporter.
 16682 | Gauntlet | Found a transporter.
 16684 | Gauntlet | Found a transporter.
 16686 | Gauntlet | Found a transporter.
 16686 | Gauntlet | Found a transporter.
 16694 | Gauntlet | Found a transporter.
 16696 | Gauntlet | Found a transporter.
 16698 | Gauntlet | Found a transporter.
 16699 | Gauntlet | Found a transporter.
 16700 | Gauntlet | Noticed a quicksilver ooze
 16707 | Gauntlet | Noticed a blizzard demon
 16717 | Gauntlet | Found a transporter.
 16724 | Gauntlet | Found a transporter.
 16815 | Gauntlet | Reached skill level 1 in Transmutations
 16815 | Gauntlet | Reached skill level 17 in Air Magic
 16905 | Gauntlet | Reached **** piety under Vehumet
 16971 | Gauntlet | quinnr: ??quicksilver ooze
 16971 | Gauntlet | beem: quicksilver ooze[1/1]: Fast, high EV, hits to engulf
                  | and apply antimagic. Obviously works completely differently
                  | from quicksilver dragons.
 16971 | Gauntlet | quinnr: ??lignification
 16971 | Gauntlet | beem: potion of lignification[1/2]: Causes temporary
                  | uncancellable (but cancellationable!) {tree form}.
 16971 | Gauntlet | quinnr: ??lignification[2
 16971 | Gauntlet | beem: tree form[1/3]: Immobile form with -Tele, +50% HP, 20
                  | + XL/2 AC, minimal EV, rN+++, rPois, torment immunity, and
                  | gives +12 base UC damage. Unlike statue form, tree form
                  | does NOT give rot or poison immunity.
 16982 | Gauntlet | Killed a quicksilver ooze
 17101 | Gauntlet | Identified the +2 war axe "Wyosenar" {freeze, Fragile rPois
                  | Int+4 Stlth+}
 17102 | Gauntlet | Identified the ring "Ojyonotz" {Contam rF+ AC+4 Dex+7}
 17111 | Gauntlet | Learned a level 3 spell: Spider Form
 17148 | Gauntlet | Noticed a minotaur
 17163 | Gauntlet | Killed a minotaur
 17570 | Lair:2   | Noticed Gastronok
 17595 | Lair:2   | Found a staircase to the Snake Pit.
 17736 | Lair:2   | Offered knowledge of Flame Wave by Vehumet.
 18598 | Lair:2   | Reached skill level 5 in Transmutations
 18598 | Lair:2   | Reached XP level 13. HP: 72/72 MP: 22/22
 18992 | Lair:2   | Killed Gastronok
 19317 | Lair:3   | Reached skill level 18 in Air Magic
 19405 | Lair:3   | Found a transporter.
 19420 | Lair:3   | Found a transporter.
 19423 | Lair:3   | Noticed hermitkingdom's ghost (journeyman SpEn)
 19448 | Lair:3   | Found a bloodstained altar of Trog.
 20267 | Lair:3   | Found a staircase to the Shoals.
 22014 | Lair:4   | Found a frozen archway.
 22046 | IceCv    | Entered an ice cave
 22049 | IceCv    | Reached ***** piety under Vehumet
 22124 | IceCv    | Offered knowledge of Starburst by Vehumet.
 22186 | IceCv    | Reached XP level 14. HP: 33/78 MP: 19/23
 22395 | IceCv    | quinnr: ??storm form
 22395 | IceCv    | quinnr: ??storm form
 22395 | IceCv    | quinnr: BEEM
 22395 | IceCv    | beem: storm form[1/1]: Level 7 Tmut/Air form that scales
                  | heavily based on spellpower. Elec-branded cleaving melee,
                  | built-in blinkbolt (blink through monsters and zap em), and
                  | a few other fun things. New as of 0.27.
 22395 | IceCv    | beem: storm form[1/1]: Level 7 Tmut/Air form that scales
                  | heavily based on spellpower. Elec-branded cleaving melee,
                  | built-in blinkbolt (blink through monsters and zap em), and
                  | a few other fun things. New as of 0.27.
 22733 | IceCv    | Reached skill level 19 in Air Magic
 23328 | IceCv    | Noticed a frost giant
 23537 | IceCv    | Killed a frost giant
 24355 | Lair:4   | Noticed Josephine
 24363 | Lair:4   | Killed Josephine
 25261 | Lair:5   | Entered Level 5 of the Lair of Beasts
 25271 | Lair:5   | Reached skill level 5 in Ice Magic
 25272 | Lair:5   | Reached skill level 10 in Transmutations
 25710 | Lair:5   | Reached XP level 15. HP: 78/82 MP: 24/24
 25863 | Lair:5   | Offered knowledge of Fulminant Prism by Vehumet.
 25886 | Lair:5   | Noticed Snorg
 25893 | Lair:5   | Killed Snorg
 25893 | Lair:5   | HP: 5/82 [cloud of freezing vapour (24)]
 26256 | Lair:5   | Reached skill level 20 in Air Magic
 26638 | Lair:5   | Found a viscous altar of Jiyva.
 26638 | Lair:5   | Found a staircase to the Slime Pits.
 27078 | Lair:5   | Acquired the ring of the Camelopard {rF+ MP+9 Dex+5}
 27961 | Lair:4   | Acquired the ring "Veuhaf" {rN+ rCorr Str+6 Dex-2 Stlth+}
 27972 | Lair:4   | Gained mutation: You sometimes lose your temper in combat.
                  | [mutagenic glow]
 27973 | Lair:4   | Lost mutation: You sometimes lose your temper in combat.
                  | [potion of mutation]
 27973 | Lair:4   | Gained mutation: You possess an exceptional clarity of
                  | mind. [potion of mutation]
 27973 | Lair:4   | Gained mutation: Your body sometimes deteriorates upon
                  | taking damage. [potion of mutation]
 27973 | Lair:4   | Gained mutation: You passively map a small area around you.
                  | [potion of mutation]
 28128 | Orc:1    | Entered Level 1 of the Orcish Mines
 28253 | Orc:2    | Entered Level 2 of the Orcish Mines
 28492 | Orc:2    | Found Toisul's Antique Armour Shoppe.
 28498 | Orc:2    | Found Duamamam's Book Shop.
 28600 | Orc:2    | Bought a creamy pearl robe for 142 gold pieces
 28600 | Orc:2    | Identified the +2 robe of Impatience {rCorr Int+6} (You
                  | bought it in a shop on level 2 of the Orcish Mines)
 28634 | Orc:2    | Noticed an orc warlord
 28897 | D:9      | Killed an orc warlord
 29172 | Orc:2    | Bought a book of Minor Magic for 252 gold pieces
 29176 | Orc:2    | Learned a level 3 spell: Mephitic Cloud
 29328 | Orc:2    | Paralysed by an orc sorcerer for 4 turns
 29332 | Orc:2    | Found Uxaupoic's Antique Weapon Shop.
 29832 | Orc:2    | Found a staircase to the Elven Halls.
 29835 | Orc:2    | Found Archime Xurgh's General Store.
 29843 | Orc:2    | Bought a scroll of blinking for 97 gold pieces
 29843 | Orc:2    | Bought a scroll of blinking for 97 gold pieces
 30404 | Orc:1    | Offered knowledge of Ozocubu's Refrigeration by Vehumet.
 31396 | D:11     | Found the +7 mace of Variability {chain chaos}
 31400 | D:11     | Found a shimmering altar of Xom.
 31536 | D:11     | Noticed Amaemon
 31553 | D:11     | Reached XP level 16. HP: 79/87 MP: 23/27
 31555 | D:11     | Killed Amaemon
 32388 | D:12     | Reached skill level 21 in Air Magic
 32924 | D:12     | Lost mutation: You passively map a small area around you.
                  | [potion of mutation]
 32924 | D:12     | Lost mutation: Your body sometimes deteriorates upon taking
                  | damage. [potion of mutation]
 32924 | D:12     | Lost mutation: You possess an exceptional clarity of mind.
                  | [potion of mutation]
 32924 | D:12     | Gained mutation: You possess an exceptional clarity of
                  | mind. [potion of mutation]
 32924 | D:12     | Lost mutation: You possess an exceptional clarity of mind.
                  | [potion of mutation]
 32924 | D:12     | Gained mutation: You possess an exceptional clarity of
                  | mind. [potion of mutation]
 33214 | D:13     | Found a gate to the Vaults.
 33872 | D:13     | Reached skill level 15 in Dodging
 34203 | D:13     | Noticed a sphinx
 34214 | D:13     | Killed a sphinx
 34280 | D:13     | Noticed a tengu reaver
 34294 | D:13     | Killed a tengu reaver
 34354 | D:13     | Noticed a tengu reaver
 34598 | D:13     | Killed a tengu reaver
 34713 | D:13     | Found an iron altar of Okawaru.
 35133 | D:14     | Offered knowledge of Conjure Ball Lightning by Vehumet.
 35151 | D:13     | Learned a level 6 spell: Conjure Ball Lightning
 35791 | D:14     | Noticed Rupert
 35799 | D:14     | Killed Rupert
 36376 | D:14     | Reached XP level 17. HP: 96/96 MP: 31/31
 36527 | D:14     | Found a radiant altar of Vehumet.
 36887 | D:15     | Entered Level 15 of the Dungeon
 36921 | D:15     | Reached skill level 1 in Poison Magic
 37673 | D:15     | Found a broken altar of Ashenzari.
 37718 | D:15     | Found a basalt altar of Yredelemnul.
 37897 | D:15     | Found a runed translucent gate.
 37898 | D:15     | Found a runed translucent gate.
 37898 | D:15     | Found a runed translucent gate.
 37902 | D:15     | Noticed kd29's ghost (journeyman OpTm)
 37917 | D:15     | Found a staircase to the Depths.
 38130 | D:15     | Reached skill level 1 in Shields
 38135 | D:15     | Killed kd29's ghost
 38152 | D:15     | Offered knowledge of Lee's Rapid Deconstruction by Vehumet.
 38153 | D:15     | Reached XP level 18. HP: 101/101 MP: 32/32
 38160 | D:15     | Identified the ring "Kepe" {rPois rF+}
 38433 | Shoals:1 | Entered Level 1 of the Shoals
 38792 | Shoals:1 | Reached skill level 10 in Spellcasting
 39891 | Shoals:2 | Identified Roxanne's Compendium of the Ground
 39891 | Shoals:2 | Noticed Roxanne
 40522 | Shoals:2 | Found a runed translucent gate.
 40522 | Shoals:2 | Found a runed translucent gate.
 40522 | Shoals:2 | Found a runed translucent gate.
 40530 | Shoals:2 | Found an opulent altar of Gozag.
 40533 | Shoals:2 | Noticed freelancePsychic's ghost (adept DrHu)
 41825 | Shoals:2 | Killed Roxanne
 41826 | Shoals:2 | Reached skill level 5 in Poison Magic
 43041 | Shoals:2 | Found an opulent altar of Gozag.
 43456 | Shoals:2 | Killed freelancePsychic's ghost
 43735 | Shoals:3 | Reached skill level 22 in Air Magic
 44462 | Shoals:3 | Found Duryggiy's General Store.
 44477 | Shoals:3 | Bought a +0 pair of gloves of stealth for 172 gold pieces
 44997 | Snake:1  | Entered Level 1 of the Snake Pit
 45297 | Snake:1  | Identified the +4 mace "Oqaygay" {flame, rC++ Str+5 Stlth+}
 45761 | Snake:1  | Offered knowledge of Yara's Violent Unravelling by Vehumet.
 46339 | Snake:2  | Identified the +0 helmet of the Pink Corner {rC+ Will+}
 47417 | Snake:3  | Noticed Jorgrun
 47424 | Snake:3  | Killed Jorgrun
 47425 | Snake:3  | Reached XP level 19. HP: 78/106 MP: 3/34
 48024 | Snake:3  | Reached skill level 23 in Air Magic
 48636 | Snake:4  | Entered Level 4 of the Snake Pit
 48792 | Snake:4  | Found Serynum's Gadget Gallery.
 48906 | Snake:4  | Offered knowledge of Maxwell's Capacitive Coupling by
                  | Vehumet.
 48969 | Snake:4  | Found a runed translucent gate.
 48969 | Snake:4  | Found a runed translucent gate.
 48969 | Snake:4  | Found a runed translucent gate.
 49386 | Snake:4  | Identified the +4 scale mail "Wuodwaq" {Dex+4 Stlth+}
 51045 | Snake:4  | Got a serpentine rune of Zot
 51584 | Snake:4  | Reached XP level 20. HP: 74/111 MP: 36/36
 51739 | Snake:4  | Noticed thromnambular's ghost (adept DsNe)
 51905 | Snake:4  | Killed thromnambular's ghost
 52281 | Shoals:4 | Entered Level 4 of the Shoals
 52361 | Shoals:4 | Noticed Ilsuiw
 52694 | Shoals:4 | Killed Ilsuiw
 52770 | Shoals:4 | Reached skill level 24 in Air Magic
 52771 | Shoals:4 | Reached ****** piety under Vehumet
 53151 | Shoals:4 | Got a barnacled rune of Zot
 53736 | Shoals:4 | Offered knowledge of Fire Storm by Vehumet.
 53736 | Shoals:4 | Offered knowledge of Chain Lightning by Vehumet.
 53736 | Shoals:4 | Offered knowledge of Ignition by Vehumet.
 53808 | Shoals:3 | Learned a level 9 spell: Chain Lightning
 54264 | Shoals:4 | Identified the +8 trident of Chance {antimagic, rF+ Will+
                  | Int+5}
 54694 | Depths:1 | Entered Level 1 of the Depths
 54694 | Depths:1 | Found a gateway to Hell.
 54754 | Depths:1 | Identified the amulet of Lushops {RegenMP Int+3}
 55626 | D:15     | Reached skill level 5 in Conjurations
 58210 | Depths:2 | Noticed a caustic shrike
 58217 | Depths:2 | Killed a caustic shrike
 58290 | Depths:2 | Reached XP level 21. HP: 92/118 MP: 36/37
 58536 | Depths:2 | Found a one-way gate leading to the halls of Pandemonium.
 58549 | Depths:2 | You are sucked into a shaft and drop 1 floor!
 58553 | Depths:3 | Found a one-way gate to the infinite horrors of the Abyss.
 60081 | Depths:3 | Found a one-way gateway to a ziggurat.
 60518 | Depths:3 | Learned a level 4 spell: Summon Lightning Spire
 60567 | Depths:3 | Reached skill level 1 in Summonings
 60679 | Depths:3 | Found a faded altar of an unknown god.
 61057 | Depths:3 | HP: 5/118 [spriggan defender/+4 demon whip of freezing
                  | (27)]
 62127 | Depths:3 | Identified the +5 short sword of Responsibility {freeze,
                  | rElec rN++}
 62327 | Depths:3 | Reached skill level 5 in Summonings
 62494 | Depths:3 | Noticed a golden dragon
 62509 | Depths:3 | Killed a golden dragon
 62510 | Depths:3 | Reached skill level 10 in Ice Magic
 62521 | Depths:3 | Identified the +1 pair of boots "Afutzyuc" {Harm rF+ rC+
                  | Str-5}
 62711 | Depths:3 | Got the Grimoire of Helpful Translocation
 62912 | Depths:4 | Entered Level 4 of the Depths
 63647 | Depths:4 | Noticed a juggernaut
 63773 | Depths:3 | Killed a juggernaut
 64098 | Depths:3 | quinnr: ??map
 64098 | Depths:3 | beem: I don't have a page labeled map in my learndb. Did
                  | you mean: cap, kmap, mac, mhp, mp, sap, zap.
 65299 | Depths:4 | Noticed a juggernaut
 65300 | Depths:4 | Reached skill level 25 in Air Magic
 65361 | Depths:4 | Killed a juggernaut
 65511 | Depths:4 | Found Poqang's Book Emporium.
 65512 | Depths:4 | Found Uxkum's Jewellery Boutique.
 65513 | Depths:4 | Found Luotusk's Book Emporium.
 65586 | Depths:4 | Found a glowing golden altar of the Shining One.
 65697 | Depths:4 | Noticed a bone dragon
 65954 | Depths:4 | Noticed a bone dragon
 65966 | Depths:4 | Killed a bone dragon
 66564 | Depths:4 | Killed a bone dragon
 66634 | Depths:4 | Found a gate to the Realm of Zot.
 67431 | Depths:4 | Reached XP level 22. HP: 93/124 MP: 39/39
 67978 | Vaults:1 | Entered Level 1 of the Vaults
 68491 | Vaults:1 | Reached skill level 20 in Dodging
 69149 | Vaults:1 | Identified the +2 pair of boots of the Gate {Harm Will+}
 69349 | Vaults:1 | Found a portal to a secret trove of treasure.
 69512 | Vaults:1 | quinnr: ??tove
 69512 | Vaults:1 | beem: I don't have a page labeled tove in my learndb. Did
                  | you mean: love, tome, trove, tome4.
 69512 | Vaults:1 | quinnr: ??trove
 69512 | Vaults:1 | beem: treasure trove[1/4]: For a price, you get some loot!
                  | Usually you get 16 items, some of which may be created
                  | using the acquirement code.
 69512 | Vaults:1 | quinnr: ??trove[2
 69512 | Vaults:1 | beem: treasure trove[2/4]: If the trove asks for a +4 demon
                  | whip, it will accept the +6 demon whip of Fun {drain, rF-
                  | Str+3}.
 69512 | Vaults:1 | quinnr: ??trove[3
 69512 | Vaults:1 | beem: treasure trove[3/4]: Most maps are safe, but
                  | trove_nasty has four ynoxinuls behind grates, and
                  | trove_treasure_island has two shining eyes. Both vaults
                  | have a low weight; each has a <1% chance of appearing in any given trove as of 0.16.>
                  | ERROR: string above had unterminated tag
 69512 | Vaults:1 | quinnr: ??trove[4
 69512 | Vaults:1 | beem: treasure trove[4/4]: a - [D:9] the +12,+10 sword of
                  | Jihad {holy, *Rage rN+ MR EV+3 Stlth--} (30630 gold) Trove:
                  | D:27 (give sword of Jihad)
 69689 | Vaults:1 | Reached skill level 10 in Fighting
 70311 | Vaults:1 | You paid a toll of a +7 demon whip to enter a treasure
                  | trove
 70312 | Trove    | Entered a treasure trove
 70326 | Trove    | Got Erok's Exposition on the Energetic Crypt
 70332 | Trove    | Got the Folio of Geological Filth
 70347 | Trove    | Got Eringya's Catalogue of Inconstant Venin
 70353 | Trove    | Got Oplus's Treatise on Injurious Pollution
 72071 | Vaults:2 | Found a magical portal.
 72084 | WizLab   | Entered The Chambers of the Cloud Mage
 72085 | WizLab   | quinnr: ?cloud mage
 72085 | WizLab   | quinnr: ??mage tower
 72085 | WizLab   | beem: I don't have a page labeled mage_tower in my learndb.
 72085 | WizLab   | quinnr: ??laboratory
 72085 | WizLab   | beem: I don't have a page labeled laboratory in my learndb.
 72085 | WizLab   | quinnr: ??wizard's
 72085 | WizLab   | beem: I don't have a page labeled wizard's in my learndb.
 72085 | WizLab   | quinnr: ??wizard
 72085 | WizLab   | beem: wizard[1/4]: Prior to 0.26, was a background. Started
                  | with the highest intelligence among backgrounds, a dagger,
                  | a hat, a robe, and {Magic Dart}, {Blink}, {Mephitic Cloud},
                  | and {Call Imp}. Since 0.26, see {Hedge Wizard}. For the
                  | monster, see [2.
 72085 | WizLab   | quinnr: ??wizard[2
 72085 | WizLab   | beem: wizard[2/4]: Purple 'p' that casts Fireball,
                  | Banishment, Blink, and Invisiblity. Prior to 0.27, had
                  | three spellbooks (see [3]), prior to 0.19 had five
                  | spellbooks, mostly shared with Ogre Mages (see [4])
 72085 | WizLab   | quinnr: ??wizard[3
 72085 | WizLab   | beem: wizard[3/4]: Book 1: Stone arrow, Lightning Bolt,
                  | Banishment, Invisibility. Book 2: Force Lance, Fireball,
                  | Paralyse, Blink. Book 3: Bolt of Cold, LCS, Slow, Haste
                  | Self.
 72085 | WizLab   | quinnr: ??wizard[4
 72085 | WizLab   | beem: wizard[4/4]: Book 1: M.Dart, L.Bolt, Confuse,
                  | Paralyze, Haste. Book 2: V.Bolt, IMB, Confuse, Slow,
                  | Invisibility. Book 3: B.Fire, B.Cold, LCS, Blink. Book 4:
                  | Sting, Stone Arrow, L.Bolt, Banishment, Blink. Book 5:
                  | Throw Flame, Fireball, Paralyze, Invisibility.
 72241 | WizLab   | Paralysed by an air elemental for 1 turns
 72273 | WizLab   | Reached skill level 10 in Conjurations
 72744 | WizLab   | Paralysed by an air elemental for 1 turns
 72749 | WizLab   | Paralysed by an air elemental for 1 turns
 73730 | WizLab   | Identified the ring of Cowofa Isiku {*Slow Fly rPois SInv}
 73738 | WizLab   | Identified the +8 quarterstaff "Juung" {pain, Dex+4}
 74556 | Vaults:2 | Noticed Aizul
 74567 | Vaults:2 | Killed Aizul
 75084 | Vaults:2 | Reached XP level 23. HP: 111/136 MP: 41/41
 75297 | Vaults:2 | Noticed Frederick
 75340 | Vaults:2 | Killed Frederick
 75902 | Vaults:2 | You are sucked into a shaft and drop 1 floor!
 76024 | Vaults:3 | Found a staircase to the Crypt.
 76606 | Vaults:3 | Noticed Ywousm's ghost (adept GnHW)
 76608 | Vaults:3 | Found a transporter.
 76632 | Vaults:3 | Found a transporter.
 76822 | Vaults:2 | Found Cahereyt's Armour Boutique.
 76984 | Vaults:3 | Found Vezaqaho's General Store.
 78105 | Vaults:3 | Killed Ywousm's ghost
 78341 | Vaults:3 | Identified the ring "Naizyif" {rF+ rCorr Int+3 Stlth+}
 78365 | Vaults:3 | quinnr: ??vaults
 78365 | Vaults:3 | beem: vaults[1/2]: Accessed from the main dungeon somewhere
                  | between levels 13 and 14. Five levels deep. A large group
                  | of guards await on the bottom floor (see {vaults:5}), where
                  | you can find several item vaults and a silver rune. There
                  | are also ordinary {vault}s.
 78365 | Vaults:3 | quinnr: ??vaults:5
 78365 | Vaults:3 | beem: vaults:5[1/4]: You start off surrounded by a ring of
                  | 24 {vault guard}s a couple of spaces away. Also scattered
                  | throughout the level are many of the game's tougher
                  | enemies; be prepared for all sorts of nasty dragons, giants
                  | and liches. Have fun!
 78365 | Vaults:3 | quinnr: ??vaults:5[2
 78365 | Vaults:3 | beem: vaults:5[2/4]: Here is what will happen to you here:
                  | a vault warden will lock the stairs, or a tentacled
                  | monstrosity will constrict you, and you will die.
 78365 | Vaults:3 | quinnr: ??vaults:5[3
 78365 | Vaults:3 | beem: vaults:5[3/4]: If you're unfamiliar, and opposed to
                  | magic mapping: in the cardinal directions are hallways that
                  | lead to the level's square perimeter; diagonally from the
                  | start, there are 4 vaults of varying difficulty, one of
                  | which contains the silver rune, and all of which contain
                  | nasty bad guys and probably-decent loot.
 78365 | Vaults:3 | quinnr: ??vaults:5[4
 78365 | Vaults:3 | beem: vaults:5[4/4]: You can't go here until after you've
                  | gone to vaults:4.
 79582 | Vaults:4 | Reached XP level 24. HP: 145/145 MP: 41/41
 79673 | Vaults:4 | Found a runed translucent gate.
 79673 | Vaults:4 | Found a runed translucent gate.
 79674 | Vaults:4 | Found a runed translucent gate.
 79674 | Vaults:4 | Noticed Bigikkih's ghost (veteran MiGl)
 80349 | Vaults:4 | Identified the +0 pair of boots of the Disturbing Deaths
                  | {+Inv rF- rN+ SInv}
 80464 | Vaults:4 | Killed Bigikkih's ghost
 81313 | Elf:1    | Entered Level 1 of the Elven Halls
 81691 | Elf:1    | Noticed Donald
 81713 | Elf:1    | Killed Donald
 81794 | Elf:1    | Reached skill level 15 in Conjurations
 82208 | Elf:1    | Paralysed by an air elemental for 1 turns
 82404 | Elf:1    | Found Sioh's Antique Weapon Emporium.
 82920 | Elf:1    | quinnr: ??elven halls
 82921 | Elf:1    | beem: elven halls[1/2]: Accessed from the Orcish Mines on
                  | either the third or fourth level. Three levels deep. There
                  | is no rune, but a good amount of loot lies at the bottom.
                  | Elf:2 contains the {hall of blades}.
 83509 | Elf:1    | Found Sioh's Antique Weapon Emporium.
 83933 | Elf:2    | quinnr: ??silence
 84038 | Elf:2    | beem: silence[1/5]: Kills all sound in an area up to 6
                  | spaces, mostly this means no spellcasting, scrolls and
                  | invocations (including Trog abilities). All G*8&12345R are
                  | unaffected, as are spit and breath spells. Lvl. 5 hex/air
                  | spell in the books of Enchantments and Sky. The radius
                  | gradually decreases and for the last few turns only you
                  | will be silenced!
 84528 | Elf:2    | Found a runed translucent gate.
 84529 | Elf:2    | Found a runed translucent gate.
 84529 | Elf:2    | Found a runed translucent gate.
 84560 | Elf:3    | Entered Level 3 of the Elven Halls
 85369 | Elf:3    | Identified the +6 lajatang of Loahes {holy, MP+9 Int-4
                  | Dex+2}
 85857 | Elf:2    | quinnr: ??alistar
 85857 | Elf:2    | beem: I don't have a page labeled alistar in my learndb.
                  | Did you mean: alistair, alistair's, alistairs.
 85857 | Elf:2    | quinnr: ??alistair
 85857 | Elf:2    | beem: alistair's intoxication[1/1]: L5 Transmutation-Poison
                  | spell. Has a (40 + power/3)% (max 73%) chance of confusing
                  | each natural, non-poison resistant monster in line of sight
                  | with greater than animal intelligence; 1/3 chance of making
                  | this check on rPois monsters. Inflicts {vertigo} on the
                  | caster.
 85857 | Elf:2    | quinnr: ??alistar's[2
 85857 | Elf:2    | beem: I don't have a page labeled alistair's[2] in my
                  | learndb.
 85857 | Elf:2    | quinnr: ??alistar's[3
 85857 | Elf:2    | beem: I don't have a page labeled alistair's[3] in my
                  | learndb.
 85857 | Elf:2    | quinnr: ??alistair[2
 85857 | Elf:2    | beem: I don't have a page labeled alistair[2] in my
                  | learndb.
 85857 | Elf:2    | quinnr: ??alistair
 85857 | Elf:2    | beem: alistair's intoxication[1/1]: L5 Transmutation-Poison
                  | spell. Has a (40 + power/3)% (max 73%) chance of confusing
                  | each natural, non-poison resistant monster in line of sight
                  | with greater than animal intelligence; 1/3 chance of making
                  | this check on rPois monsters. Inflicts {vertigo} on the
                  | caster.
 85857 | Elf:2    | quinnr: ??vertigo
 85857 | Elf:2    | beem: vertigo[1/1]: A short-lived status (3-6 turns) caused
                  | by casting {Alistair's Intoxication} or from Xom. The
                  | effect is about the same as wearing heavier armour:
                  | decreased EV, increased spellcasting failure, and decreased
                  | accuracy.
 85863 | Elf:2    | Learned a level 5 spell: Alistair's Intoxication
 85930 | Elf:3    | Identified the amulet "Garhem" {Faith +Blink rElec Str-4}
 85931 | Elf:3    | Identified the +10 glaive of World's End {speed, Will++
                  | MP-9}
 86355 | Elf:3    | Identified the +7 long sword "Imowef" {venom, rPois Will-
                  | Str+2 Int+7}
 86364 | Elf:3    | Paralysed by an air elemental for 1 turns
 86371 | Elf:3    | Identified the +3 great sword of Ityhadi Geaf {speed, MP+9
                  | Str+2}
 86407 | Elf:3    | Identified the +7 long sword of Gyjoroar {freeze, rN++}
 86414 | Elf:3    | Identified the ring of Seixots {rN+ Stlth+}
 87322 | Abyss:2  | Cast into level 2 of the Abyss (+1 trident of distortion)
 87353 | Abyss:2  | Gained mutation: You are weak. (Str -2) [a neqoxec]
 87354 | Abyss:2  | Gained mutation: Potions are less effective at restoring
                  | your health. [a neqoxec]
 87355 | Abyss:2  | Gained mutation: You are frail. (-10% HP) [a neqoxec]
 87356 | Abyss:2  | Lost mutation: You possess an exceptional clarity of mind.
                  | [a neqoxec]
 87360 | Abyss:2  | Gained mutation: You have hidden genetic defects. [a
                  | neqoxec]
 87444 | Abyss:2  | Reached XP level 25. HP: 40/107 MP: 7/41
 87444 | Abyss:2  | Lost mutation: You are extremely frail. (-30% HP) [potion
                  | of mutation]
 87444 | Abyss:2  | Lost mutation: You are weak. (Str -2) [potion of mutation]
 87444 | Abyss:2  | Lost mutation: Potions are less effective at restoring your
                  | health. [potion of mutation]
 87444 | Abyss:2  | Gained mutation: You are partially covered in iridescent
                  | scales. (AC +2) [potion of mutation]
 87444 | Abyss:2  | Gained mutation: Your spells are a little harder to cast,
                  | but a little more powerful. [potion of mutation]
 87445 | Abyss:2  | Lost mutation: You have hidden genetic defects. [potion of
                  | mutation]
 87445 | Abyss:2  | Lost mutation: You are partially covered in iridescent
                  | scales. (AC +2) [potion of mutation]
 87445 | Abyss:2  | Lost mutation: Your spells are a little harder to cast, but
                  | a little more powerful. [potion of mutation]
 87965 | Elf:2    | Escaped the Abyss
 88209 | Elf:2    | Reached skill level 15 in Fighting
 88418 | Elf:2    | Noticed Asterion
 88445 | Elf:2    | Killed Asterion
 88600 | Elf:2    | Reached skill level 26 in Air Magic
 89477 | Vaults:5 | Entered Level 5 of the Vaults
 90206 | Vaults:5 | Identified the +10 falchion "Toope" {flame, rPois rF+ rC-
                  | Dex+10}
 90525 | Vaults:5 | Identified the +4 broad axe "Jalederu" {holy, rC++ Will+
                  | MP-9 Int+4}
 90740 | Vaults:5 | Reached skill level 10 in Stealth
 91407 | Vaults:5 | Identified the ring "Cepaschun" {Fire MP+9}
 91945 | Vaults:5 | Identified the +0 pair of gloves of Onnil {Fly Str+2}
 92014 | Vaults:5 | Identified the +1 plate armour of Sloth {rElec rN+++ Str+6
                  | Dex-4}
 92016 | Vaults:5 | Got the Guidebook on the Coals
 92683 | Vaults:5 | Reached XP level 26. HP: 151/160 MP: 41/41
 93001 | Vaults:5 | Got a silver rune of Zot
 94324 | Depths:4 | quinnr: ??order
 94704 | Slime:1  | Entered Level 1 of the Pits of Slime
 94731 | Slime:1  | beem: hyperelliptic[1/2]: D:11 -> Lair -> D:12 -> Orc ->
                  | D:15 -> S:3 -> maybe other S:3 -> maybe Elf:1-2 -> get both
                  | S runes -> Vaults:4 -> maybe Crypt -> Depths:4 -> Vaults:5
                  | -> maybe Slime -> Zot ("S" means Shoals/Snake/Spider/Swamp)
 95220 | Slime:2  | Noticed Dissolution
 95232 | Slime:1  | Killed Dissolution
 95304 | Slime:2  | Paralysed by a floating eye for 4 turns
 95307 | Slime:2  | Demolished by an acid blob

Illustrated notes

Levels and vault maps discovered:
D:1:      reono_arrival_forest_river, layout_basic
D:2:      wander_river, layout_loops_ring, ebering_ecumenical_altar_box
D:3:      layout_loops_ring, st_stairs_7, uniq_robin
D:4:      layout_loops_ring, nicolae_ashenzari_skybound, serial_shops,
          nicolae_shop_bloodbath_and_beyond, uniq_menkaure
D:5:      layout_rooms, ebering_ghost_reflecting_pool, uniq_blork_the_orc
D:6:      layout_cave_pools, gammafunk_temple_overflow_statue,
          minmay_temple_entry_crystal_x, gup_sewer_entry_glass, serial_shops,
          kennysheep_little_box
D:7:      minmay_slanted_spiral_squares, layout_rooms, serial_shops,
          kennysheep_mini_moat, chequers_decorated_corner, chequers_garden
D:8:      layout_basic, uniq_psyche
D:9:      layout_roguey, due_lair_maze_entry_diamond, david_orc_4,
          kennysheep_crisscross, kennysheep_cross_bottleneck
D:10:     layout_basic, lemuel_round_altar, uniq_fannar
D:11:     minmay_coctagon, layout_loops_corners,
          minmay_guarded_unrand_variability, uniq_amaemon
D:12:     layout_basic
D:13:     minmay_sliced_demisemicircle, layout_cave_pods, erik_vaults_2,
          kennysheep_okawaru_gauntlet
D:14:     layout_long_grid, kennysheep_big_empty_room, vehumet_statue,
          uniq_rupert
D:15:     grunt_enter_depths_hoard, layout_loops_ring, lemuel_round_altar,
          gammafunk_ghost_necromancy, yredelemnul_altar_generic
Temple:   hc_temple_tempest_star
Lair:1:   layout_roguey, grunt_megastairs_4, serial_bayou_shore_b, uniq_joseph
Lair:2:   layout_cave_pods, dummy_snake_entry, gauntlet_entry_generic,
          beast_lair_carwin_7, uniq_gastronok
Lair:3:   layout_cave_pods, minmay_shoals_entry_lonely_mermaid, serial_rivers,
          chequers_serial_rivers_micro_e, chequers_serial_rivers_micro_a,
          chequers_serial_rivers_room_a, chequers_serial_rivers_marsh,
          gammafunk_ghost_wrathful_warriors
Lair:4:   layout_cave_pods, portal_ice_cave_entry_imps, minivault_27,
          nicolae_quartered_pool_little, worms_lemuel,
          infiniplex_staircase_pool_2, lemuel_fruit_tree, uniq_josephine
Lair:5:   hangedman_lair_in_review, layout_hall_layers,
          guppyfry_lair_end_dragon, dpeg_slime_entry_enclosed, uniq_snorg
Shoals:1: layout_shoals
Shoals:2: cheibrodos_shoals_baths, layout_shoals, ebering_ghost_gozag,
          uniq_roxanne
Shoals:3: layout_shoals, serial_shops, nicolae_shop_window_shopping
Shoals:4: shoals_end_grunt_ice, layout_shoals, shoals_ilsuiw_ice,
          nicolae_shoals_goliath_grotto
Snake:1:  layout_gridlike
Snake:2:  layout_basic, grunt_megastairs_1
Snake:3:  layout_grid_shapes, drop_trap, uniq_jorgrun
Snake:4:  grunt_snake_rune_spirals, layout_onion_interference,
          ebering_ghost_rock_garden, nicolae_shop_gadgets
Slime:1:  layout_caves, basic_altar
Slime:2:  layout_caves, dissolution_awaits
Orc:1:    layout_caves
Orc:2:    grunt_orc_gardens, layout_caves, grunt_orc_garden, grunt_orc_garden,
          grunt_orc_garden, grunt_orc_garden, basic_altar
Elf:1:    eino_elf_arrival_sip, layout_gridlike, serial_shops,
          nicolae_shop_overgrown_old_shop, hangedman_elf_represent, uniq_donald
Elf:2:    nicolae_elf_blades_crystal_corner, layout_geoelf_grid,
          dk_noncrumbling_2, uniq_asterion
Elf:3:    grunt_elf_hall_spiral, layout_gridlike, minivault_24
Vaults:1: v_misc_9, v_misc_2, ontoclasm_vaults_idyll, dpeg_vaults_monster_row,
          nicolae_vaults_sealed_display, vaults_standard_mumra_lines,
          nicolae_vaults_network_quinsquares
          [nicolae_vaults_network_quincunx_subvault,
          nicolae_vaults_network_quincunx_subvault,
          nicolae_vaults_network_quincunx_subvault,
          nicolae_vaults_network_quincunx_subvault], ontoclasm_vaults_gateway,
          ontoclasm_vaults_ring_square, layout_vaults_omnigrid,
          trove_entry_hex_spiral
Vaults:2: mu_enter_wizlab_3, v_misc_8, v_misc_28, grunt_vaults_focal,
          vaults_standard_mumra_x, st_more_cells, nicolae_vaults_asterisk,
          hangedman_vaults_stretched_pinwheel, dpeg_vaults_monster_box,
          nicolae_vaults_network_periphery, v_misc_17, hangedman_vaults_stream,
          nicolae_vaults_ninety_degrees, v_misc_25, v_misc_22,
          layout_vaults_omnibox, uniq_frederick, uniq_aizul
Vaults:3: gammafunk_ghost_arena, nicolae_vaults_asterisk,
          ontoclasm_vaults_shuriken, nicolae_vaults_shelves_hall,
          nicolae_vaults_quartermaster, minmay_crypt_entry_simple_sparse,
          nicolae_vaults_triangles, v_misc_5, nicolae_vaults_specimen_jars,
          nicolae_vaults_little_squares_4, nicolae_vaults_diagonal_hallway_6,
          nicolae_vaults_little_ls, vaults_room_semicircle, layout_vaults_maze,
          serial_shops, nicolae_shop_window_shopping
Vaults:4: gammafunk_ghost_split, vaults_room_door_hall,
          vaults_dpeg_encased_lava, nicolae_vaults_bisected_slash,
          hangedman_vaults_impose, vaults_room_hangedman_quadrants,
          vaults_dpeg_cross, vaults_dpeg_doors, nicolae_vaults_three_branches,
          nicolae_vaults_ring_of_whatevers, ontoclasm_vaults_misaligned,
          v_misc_28, layout_vaults_big_cross
Vaults:5
Depths:1: layout_cave_shapes, patterned_corridor, hell_entry,
          hangedman_abyss_or_decor_slice, minmay_fire_ice_demons,
          grunt_megastairs_5
Depths:2: minmay_quantized_circle, layout_basic, grunt_hell_entry_dis_old,
          kennysheep_cluttered_room, rand_demon_pan_entry_3
Depths:3: minmay_the_grid_triangle_9x9_recursive_2_mashed
          [minmay_the_grid_triangle_9x9_prize_top_heavy,
          minmay_the_grid_triangle_9x9_flanged_cone,
          minmay_the_grid_triangle_9x9_wacky_v,
          minmay_the_grid_triangle_9x9_corrupted_corridor], layout_cave_shapes,
          enter_ziggurat_e, serial_column_ruins, column_ruins_portal_hut,
          column_ruins_temple_hall, column_ruins_hut,
          column_ruins_open_medium_water, column_ruins_corridor_corner,
          column_ruins_open_tiny, dk_noncrumbling_3, hell_entry, abyss_entry,
          st_stairs_5, infiniplex_staircase_zigzag_4
Depths:4: evilmike_zot_entry_argh, layout_cave_pools, hell_entry,
          nicolae_tso_carved_into_rock, pan_entry, minmay_shop_grove,
          uniq_josephina

Skill      XL: |  1  2  3  4  5  6  7  8  9 10 11 12 13 14 15 16 17 18 19 20 21 22 23 24 25 |
---------------+----------------------------------------------------------------------------+-----
Conjurations   | 2 3 4 6 11 14 16 19 | 19.4
Air Magic      | 5 6 8 9 11 12 13 16 17 18 19 20 21 22 23 24 25 26 | 26.2
Dodging        | 3 6 8 9 11 12 13 14 15 16 17 18 19 21 22 24 | 24.1
Fighting       | 3 5 7 8 11 13 14 15 | 15.0
Evocations     | 3 5 |  5.0
Spellcasting   | 4 5 6 9 10 11 12 13 | 13.0
Ice Magic      | 1 4 6 8 12 | 12.3
Stealth        | 5 7 8 11 | 11.6
Transmutations | 5 8 10 12 13 14 | 14.2
Poison Magic   | 2 6 8 9 |  9.7
Shields        | 2 4 |  4.0
Summonings     | 6 |  6.0

Action                   |  1- 3 |  4- 6 |  7- 9 | 10-12 | 13-15 | 16-18 | 19-21 | 22-24 | 25-27 || total
-------------------------+-------+-------+-------+-------+-------+-------+-------+-------+-------++-------
Melee: Whip              |       |       |     4 |       |       |       |       |       |       ||     4
       Kick              |       |       |     2 |     2 |     1 |       |     2 |     4 |       ||    11
       Staff             |       |       |     4 |     4 |     1 |       |     2 |     6 |     1 ||    18
       Peck              |       |       |     2 |       |       |       |       |     2 |       ||     4
       Unarmed           |       |       |       |       |   279 |   298 |   491 |   590 |   234 ||  1892
       Punch             |       |       |       |       |     9 |     3 |     6 |     9 |     6 ||    33
 Cast: Shock             |    78 |   124 |   162 |   137 |   116 |    45 |    47 |    68 |    26 ||   803
       Airstrike         |       |     3 |    62 |   122 |   221 |   189 |   270 |   248 |   128 ||  1243
       Static Discharge  |       |       |    14 |    54 |    32 |    16 |    65 |    56 |    12 ||   249
       Freezing Cloud    |       |       |     1 |    24 |    83 |    83 |   136 |    81 |    29 ||   437
       Spider Form       |       |       |       |     2 |     3 |     1 |     2 |     4 |       ||    12
       Storm Form        |       |       |       |       |    43 |    66 |   104 |    93 |    28 ||   334
       Mephitic Cloud    |       |       |       |       |     3 |     6 |    41 |    79 |    11 ||   140
       Conjure Ball Ligh |       |       |       |       |       |    19 |    32 |    19 |     1 ||    71
       Summon Lightning  |       |       |       |       |       |       |    23 |    79 |    26 ||   128
       Chain Lightning   |       |       |       |       |       |       |       |     3 |    11 ||    14
       Alistair's Intoxi |       |       |       |       |       |       |       |       |     1 ||     1
 Abil: Blinkbolt         |       |       |       |       |    31 |    42 |    73 |    72 |    20 ||   238
Evoke: Wand              |       |       |     1 |     4 |     4 |     1 |     6 |     2 |     4 ||    22
       Condenser vane    |       |       |       |       |       |       |       |       |     1 ||     1
  Use: Scroll            |       |     7 |     8 |     9 |     6 |     6 |     9 |     6 |     4 ||    55
       Potion            |       |       |       |     5 |     2 |     4 |     6 |     8 |     5 ||    30
 Stab: Confused          |       |       |       |       |     1 |       |    11 |    31 |     2 ||    45
       Petrified         |       |       |       |       |       |     2 |       |       |       ||     2
       Petrifying        |       |       |       |       |       |     1 |       |       |       ||     1
       Distracted        |       |       |       |       |       |     2 |     2 |     5 |     2 ||    11
       Sleeping          |       |       |       |       |       |       |       |     2 |     1 ||     3
Armor: Robe              |     3 |     2 |     3 |    10 |     4 |     3 |     7 |     5 |     4 ||    41
       Skin              |       |       |       |    14 |    46 |    63 |    97 |    91 |    65 ||   376
Dodge: Dodged            |    11 |    21 |    37 |   106 |   498 |   449 |  1148 |  1149 |   548 ||  3967
Block: Other             |     1 |     8 |    14 |    23 |       |       |       |       |       ||    46
       Reflection        |       |     1 |     4 |     3 |       |       |       |       |       ||     8
       Buckler           |       |       |       |       |       |       |    19 |    13 |     3 ||    35

Table legend: (Time is in decaauts)
 A = Elapsed time spent in this place.
 B = Non-inter-level travel time spent in this place.
 C = Inter-level travel time spent in this place.
 D = Time resting spent in this place.
 E = Time spent auto-exploring this place.
 F = Levels seen in this place.
 G = Mean time per level.
                   A        B        C        D        E       F      G
               +--------+--------+--------+--------+--------+-----+--------+
         Total |  91472 |  85502 |   5970 |  21644 |  50439 |  52 | 1759.1 |
       Dungeon |  23033 |  21032 |   2001 |   5015 |  13204 |  15 | 1535.5 |
        Temple |    107 |     87 |     20 |      0 |     70 |   1 |  107.0 |
          Lair |   9780 |   9091 |    689 |   1580 |   6243 |   5 | 1956.0 |
        Shoals |   8330 |   7914 |    416 |   2509 |   4321 |   4 | 2082.5 |
     Snake Pit |   6872 |   6580 |    292 |    761 |   4726 |   4 | 1718.0 |
    Slime Pits |    576 |    568 |      8 |     65 |    432 |   2 |  288.0 |
  Orcish Mines |   2373 |   2104 |    269 |    379 |   1460 |   2 | 1186.5 |
   Elven Halls |   6733 |   6411 |    322 |   1440 |   3885 |   3 | 2244.3 |
        Vaults |  15028 |  13754 |   1274 |   3314 |   7754 |   5 | 3005.6 |
        Depths |  12238 |  11564 |    674 |   4114 |   5979 |   4 | 3059.5 |
         Abyss |    624 |    624 |      0 |    320 |     32 |   2 |  312.0 |
         Trove |     80 |     80 |      0 |      0 |     11 |   1 |   80.0 |
         Sewer |   1173 |   1173 |      0 |    105 |    920 |   1 | 1173.0 |
      Ice Cave |   1988 |   1988 |      0 |    750 |    859 |   1 | 1988.0 |
        Wizlab |   1855 |   1855 |      0 |   1134 |    274 |   1 | 1855.0 |
      Gauntlet |    676 |    676 |      0 |    152 |    264 |   1 |  676.0 |
               +--------+--------+--------+--------+--------+-----+--------+

Top non-repeatable levels by time:
Depths:3: 4976 daAuts
Depths:2: 3493 daAuts
Vaults:1: 3420 daAuts
 Snake:4: 3313 daAuts
Vaults:5: 3251 daAuts
Vaults:4: 3170 daAuts
   Elf:2: 3038 daAuts
Shoals:2: 3036 daAuts
Vaults:3: 2595 daAuts
Vaults:2: 2591 daAuts
Shoals:1: 2416 daAuts
    D:13: 2416 daAuts
  Lair:2: 2280 daAuts
Depths:1: 2265 daAuts
     D:9: 2226 daAuts
